 Dungeon Crawl Stone Soup version 0.23.1 (webtiles) character file.

Game seed: 6840291372096927512

1195 reztzret the Carver (level 8, -6/64 HPs)
             Began as a Hill Orc Fighter on Mar 15, 2019.
             Mangled by a hell rat (14 damage)
             ... on level 6 of the Dungeon.
             The game lasted 00:08:06 (6239 turns).

reztzret the Carver (Hill Orc Fighter)              Turns: 6239, Time: 00:08:07

Health: -6/64      AC:  8    Str: 24    XL:     8   Next: 44%
Magic:  8/8        EV:  6    Int:  8    God:
Gold:   232        SH:  9    Dex: 10    Spells: 7/7 levels left

rFire    + . .     SeeInvis .   a - +0 long sword
rCold    . . .     Gourm    .   c - +0 shield
rNeg     . . .     Faith    .   h - +0 chain mail
rPois    .         Spirit   .   (no helmet)
rElec    .         Reflect  .   r - scarf {repulsion}
rCorr    .         Harm     .   (no gloves)
MR       .....                  (no boots)
Stlth    ..........             (no amulet)
HPRegen  0.20/turn              e - +3 ring of strength
MPRegen  0.11/turn              l - ring of protection from fire

@: drained, repel missiles
A: no striking features
a: no special abilities


You were on level 6 of the Dungeon.
You were not hungry.

You visited 2 branches of the dungeon, and saw 7 of its levels.

You collected 232 gold pieces.

Inventory:

Hand Weapons
 a - a +0 long sword (weapon)
Armour
 b - a +0 scale mail
 c - a +0 shield (worn)
 h - a +0 chain mail (worn)
 r - a scarf of repulsion (worn)
Jewellery
 e - a +3 ring of strength (left hand)
 l - a ring of protection from fire (right hand)
 v - a +2 amulet of reflection {unknown}
Wands
 s - a wand of acid (9)
Scrolls
 g - 3 scrolls of remove curse {unknown}
 j - 4 scrolls of immolation {unknown}
 k - 13 scrolls of identify {unknown}
 p - 3 scrolls of enchant weapon {unknown}
 q - 3 scrolls of teleportation {unknown}
 x - 4 scrolls of fear {unknown}
 y - a scroll of magic mapping {unknown}
Potions
 d - a potion of might
 i - a potion of resistance {unknown}
 m - a potion of brilliance {unknown}
 n - 2 potions of lignification {unknown}
 o - 2 potions of degeneration {unknown}
 t - 4 potions of mutation {unknown}
 u - 3 potions of agility {unknown}
 w - a potion of curing {unknown}
 z - 3 potions of flight {unknown}
 A - a potion of cancellation {unknown}
Comestibles
 f - 8 rations


   Skills:
 - Level 3.6(3.0) Fighting
 + Level 10.2(9.5) Long Blades
 - Level 3.2(2.6) Armour
 + Level 2.4(1.8) Dodging
 + Level 0.6(0.1) Stealth
 - Level 3.2(2.6) Shields


You had 7 spell levels left.
You didn't know any spells.
Your spell library contained the following spells:

 Spells                   Type           Power        Failure   Level  Hunger
 Confusing Touch          Hex            #.....       100%        1    ##.....
 Magic Dart               Conj           #...         100%        1    ##.....
 Blink                    Tloc           N/A          100%        2    ###....
 Call Imp                 Summ           #.......     100%        2    ###....
 Slow                     Hex            #.......     100%        2    ###....
 Confuse                  Hex            #.......     100%        3    ####...
 Conjure Flame            Conj/Fire      #.......     100%        3    ####...
 Gell's Gravitas          Tloc           #.........   100%        3    ####...
 Mephitic Cloud           Conj/Pois/Air  #.......     100%        3    ####...
 Petrify                  Tmut/Erth      #.......     100%        4    #####..
 Metabolic Englaciation   Hex/Ice        #.........   100%        5    ######.
 Yara's Violent Unravell  Hex/Tmut       #.........   100%        5    ######.


Dungeon Overview and Level Annotations

Branches:
Dungeon (6/15)             Temple (1/1) D:4

Altars:
Ashenzari
Cheibriados
Dithmenos
Elyvilon
Fedhas
Gozag
Kikubaaqudgha
Makhleb
Nemelex Xobeh
Qazlal
Ru
Sif Muna
Trog
Uskayaw
Vehumet
Wu Jian
Zin
The Shining One


Message History

* * * LOW HITPOINT WARNING * * *
You slash the rat!
You kill the rat!
The hell rat closely misses you.
You riposte.
Your shield and chain mail prevent you from hitting the hell rat.
The hell rat is heavily wounded.
The rat bites you.
* * * LOW HITPOINT WARNING * * *
The hell rat bites you!
* * * LOW HITPOINT WARNING * * *
You hit the river rat.
The river rat is lightly wounded.
The rat bites you but does no damage. The river rat completely misses you.
You riposte.
You closely miss the river rat.
The river rat is lightly wounded.
The hell rat bites you but does no damage.
You closely miss the river rat.
The river rat is lightly wounded.
The rat bites you but does no damage. The hell rat bites you!
You die...

..... ###...........#### ...#
##...#########....### #..#
##..###.#..†#.####...#
#..###..##..#.###.#...###.#
###.#...##.############.##.######
......###.##... ..######.#.......
###..##..##[...#....##..##.######
#..#.####....r#..##.###..#
#..##.## #..r@...##.##.##
#..#.#.#######r#.#.##.#.#
###..####..##...#...##.##.#
........###.......###..##.#
###.###...###########..#..#
#...........<.##.###.########
#.#.....#....................
#.#####.#.#.......#.#########
#.†...#.#.#.........#


You could see a hell rat, a river rat and a rat.

Vanquished Creatures
  A necrophage (D:5)
  An ogre (D:5)
  2 phantoms (D:4)
  A bullfrog (D:6)
  A scorpion (D:5)
  4 crimson imps
  2 hounds
  2 bullfrog zombies (D:5)
  An iguana (D:2)
  2 worker ants
  A killer bee zombie (D:5)
  3 hound skeletons
  Robin (D:3)
  4 gnolls
  10 adders
  5 river rats (D:6)
  2 shadow imps
  An adder skeleton (D:5)
  A worm (D:4)
  5 dart slugs
  3 leopard geckos
  5 orcs
  A ball python (D:4)
  5 bats
  5 giant cockroaches
  18 goblins
  9 hobgoblins
  6 jackals
  5 quokkas
  3 frilled lizards
  A jackal skeleton (D:5)
  6 kobolds
  A leopard gecko skeleton (D:4)
  A quokka zombie (D:5)
  23 rats
142 creatures vanquished.

Vanquished Creatures (others)
  An orc (D:3)
  A hobgoblin (D:4)
2 creatures vanquished.

Grand Total: 144 creatures vanquished

Notes
Turn   | Place    | Note
-------+----------+-------------------------------------------
     0 | D:1      | reztzret the Hill Orc Fighter began the quest for the Orb.
     0 | D:1      | Reached XP level 1. HP: 19/19 MP: 1/1
   234 | D:1      | Reached XP level 2. HP: 25/26 MP: 2/2
   266 | D:1      | Reached skill level 3 in Long Blades
   629 | D:1      | Reached XP level 3. HP: 18/31 MP: 3/3
   988 | D:2      | Reached skill level 4 in Long Blades
   988 | D:2      | Reached skill level 1 in Dodging
   988 | D:2      | Reached XP level 4. HP: 18/39 MP: 4/4
  1504 | D:2      | Found a bloodstained altar of Trog.
  1505 | D:2      | Found a blossoming altar of Fedhas.
  1699 | D:2      | Found a glowing golden altar of the Shining One.
  1898 | D:3      | Reached skill level 5 in Long Blades
  1944 | D:3      | Reached XP level 5. HP: 29/45 MP: 5/5
  2186 | D:3      | Found an ancient bone altar of Kikubaaqudgha.
  2189 | D:3      | Found an opulent altar of Gozag.
  2192 | D:3      | Found a snail-covered altar of Cheibriados.
  2206 | D:3      | Found a hide-covered altar of Uskayaw.
  2368 | D:3      | Found a burning altar of Makhleb.
  2369 | D:3      | Found a radiant altar of Vehumet.
  2476 | D:4      | Noticed Robin
  2562 | D:3      | Killed Robin
  2566 | D:3      | Reached skill level 6 in Long Blades
  2985 | D:4      | Reached XP level 6. HP: 51/51 MP: 6/6
  3111 | D:4      | Found a staircase to the Ecumenical Temple.
  3217 | Temple   | Entered the Ecumenical Temple
  3744 | D:4      | Reached skill level 7 in Long Blades
  3783 | D:4      | Noticed a phantom
  3833 | D:4      | Killed a phantom
  3833 | D:4      | Reached XP level 7. HP: 25/57 MP: 7/7
  4315 | D:4      | Reached skill level 8 in Long Blades
  4355 | D:4      | You fall through a shaft!
  4355 | D:5      | Entered Level 5 of the Dungeon
  4662 | D:5      | Reached skill level 9 in Long Blades
  4727 | D:5      | Reached XP level 8. HP: 29/64 MP: 8/8
  5116 | D:5      | Found a snail-covered altar of Cheibriados.
  5644 | D:6      | Reached skill level 10 in Long Blades
  6230 | D:6      | Found the +2 ratskin cloak {+Rats rPois rN+ Str-1 Int-1
                  | Dex+1}
  6239 | D:6      | Mangled by a hell rat

Skill      XL: |  1  2  3  4  5  6  7  8 |
---------------+-------------------------+-----
Long Blades    | 3 4 5 6 7 9 10 | 10.2
Dodging        | 1 2 |  2.4
Fighting       | |  3.6
Armour         | |  3.2
Stealth        | |  0.6
Shields        | |  3.2

Action                   |  1- 3 |  4- 6 |  7- 9 || total
-------------------------+-------+-------+-------++-------
Melee: Long sword        |   101 |   296 |   287 ||   684
  Eat: Chunk             |       |     3 |     1 ||     4
       Ration            |       |     2 |     3 ||     5
Armor: Chain mail        |    44 |   197 |   109 ||   350
       Scale mail        |     2 |       |       ||     2
Dodge: Dodged            |    28 |    75 |    62 ||   165
       Deflected         |       |     5 |     8 ||    13
Block: Shield            |    60 |   169 |   154 ||   383
       Rpst.: Long sword |    11 |    27 |    20 ||    58
